Crunch vs Canucks

Created - 4 avril 2024 at 08:49

Goals
1 2 3 T
Crunch 1 0 0 1
Canucks 0 1 2 3
Shots
1 2 3 T
Crunch 2 2 8 12
Canucks 4 14 8 26

GoalsPenalties
1st period
1. Crunch , Liam Foudy 3 (Mathieu Olivier 2) at 4:25
Dennis Cholowski (TAM) for Slashing (Double Minor) at 5:09
2nd period
2. Canucks , Adam Cracknell 4 (Gabriel Dumont 1, Dakota Mermis 1) at 3:09
Benoit-Olivier Groulx (TAM) for Cross-checking (Minor) at 7:20
3rd period
3. Canucks , Jake Lucchini 2 (Adam Cracknell 2) at 13:56 (PP)
4. Canucks , Max Willman 1 (John Stevens 2, Paul LaDue 1) at 19:10
Mattias Norlinder (TAM) for Holding (Minor) at 5:41
Mark Pysyk (VAN) for Fighting (Major) at 13:41
Mathieu Olivier (TAM) for Fighting (Major) at 13:41
Mathieu Olivier (TAM) for instigated a fight (Minor) at 13:41
Mathieu Olivier (TAM) for instigated a fight (10 Minutes Misconduct) at 13:41
Goalie Stats
Garret Sparks (TAM), 23 saves from 26 shots - (0,885), L, 0-2-1, 60:00 minutes
Michael Hutchinson (VAN), 11 saves from 12 shots - (0,917), W, 4-0-0, 60:00 minutes
3 StarsOfficial
1 - Adam Cracknell (VAN)
2 - Jake Lucchini (VAN)
3 - Max Willman (VAN)
Referees : Jacqueline Howard and Dan O'Rourke
Linesman : Kendall Hanley and Mark Shewchyk
Game Note
Turner Elson is injured at 6:17 of 3rd period (Left Knee)
Mathieu Olivier beats up Mark Pysyk at 13:41 of 3rd period



Team Name Goals Shots Shots Attemp Shots Blocked PIM HIT PP PK FO%
Crunch 11220425200 / 0 (0%155%
Canucks 3264945171 / 5 (20%)045%

Crunch
Player Name POS G A P +/- PIM HIT SHT SB MP PP MP PP SHT PK MP PK SHT FO% FOT GA TA
Ben MeyersC/LW0000050017:090:0000:000100% 100
Benoit-Olivier GroulxC000021006:500:0000:000100% 100
Callahan BurkeC/RW000-1000014:250:0000:00050% 200
Daemon HuntD0000000017:490:0000:0700% 000
David GustafssonC/LW000-1022223:550:0004:09145% 2900
Dennis CholowskiD0001400123:270:0002:5700% 000
Garrett PilonC000-100003:290:0001:4200% 100
Jake LeschyshynC0000022019:280:0002:360100% 410
Jerad RosburgD000-100002:430:0001:3100% 000
Jordan GrossD0000013028:180:0004:3110% 000
Liam FoudyC/LW1011024022:200:0002:380100% 100
Mathieu OlivierRW01111721020:480:0003:5500% 011
Mattias NorlinderD000-1220119:230:0002:3200% 000
Nick SwaneyRW000-1010017:180:0000:0000% 001
Taylor FedunD0000000015:360:0002:3000% 000
Tim SchallerLW000-2020015:040:0001:2400% 000
Xavier SimoneauC0001000010:260:0000:00060% 500
Yan KuznetsovD000-1000013:160:0002:1600% 000
Canucks
Player Name POS G A P +/- PIM HIT SHT SB MP PP MP PP SHT PK MP PK SHT FO% FOT GA TA
Adam CracknellC/LW/RW1121015124:104:2000:00036% 2500
Anton BlidhLW/RW0000011019:524:2900:000100% 100
Brenden MillerD000000000:000:0000:0000% 000
Brogan RaffertyD0000000019:003:3600:0000% 000
Chris WagnerC/RW0000012017:010:4600:0000% 000
Dakota MermisD0110001015:390:3900:0000% 000
Danny DeKeyserD0000043127:094:1210:0000% 000
Dylan McIlrathD0000000018:123:3600:0000% 000
Gabriel DumontC0110023018:592:5700:00071% 700
Jake LucchiniLW1010022020:542:5910:00033% 301
John StevensC0111001018:200:3500:00050% 600
Mark PysykD0000513120:323:5720:0000% 001
Max WillmanLW1010011015:561:5400:0000% 100
Olivier GalipeauD000101006:460:0000:0000% 000
Olle LycksellRW0001023016:012:5600:0000% 000
Paul LaDueD0111001015:060:4300:0000% 010
Turner ElsonLW0000010116:103:2000:0000% 000
Will LockwoodRW0000000010:120:0100:000100% 110

Crunch

5 vs 5 Forward
Line #Left WingCenterRight WingPHYDFOFWanted %Time %Time Play
1Liam FoudyDavid GustafssonMathieu Olivier1224020%10:16
2Ben MeyersJake LeschyshynNick Swaney1223035%18:14
3Tim SchallerCallahan BurkeDavid Gustafsson1222024%12:29
4Mathieu OlivierXavier SimoneauLiam Foudy1131020%10:26
5 vs 5 Defense
Line #DefenseDefensePHYDFOFWanted %Time %Time Play
1Jordan GrossDennis Cholowski1224034%17:32
2Taylor FedunJordan Gross1223025%13:06
3Daemon HuntMattias Norlinder1222033%16:45
4Yan KuznetsovJordan Gross122108%4:02
Power Play Forward
Line #Left WingCenterRight WingPHYDFOFWanted %Time %Time Play
1Liam FoudyDavid GustafssonMathieu Olivier122600%0:00
2Ben MeyersJake LeschyshynNick Swaney122400%0:00
Power Play Defense
Line #DefenseDefensePHYDFOFWanted %Time %Time Play
1Jordan GrossDennis Cholowski122600%0:00
2Taylor FedunJordan Gross122400%0:00
Penalty Kill 4 Players Forward
Line #CenterWingPHYDFOFWanted %Time %Time Play
1David GustafssonMathieu Olivier1226071%5:50
2Liam FoudyJake Leschyshyn1224029%2:22
Penalty Kill 4 Players Defense
Line #DefenseDefensePHYDFOFWanted %Time %Time Play
1Jordan GrossDennis Cholowski1226078%6:24
2Taylor FedunJordan Gross1224022%1:48
Penalty Kill 3 Players
Line #WingPHYDFOFWanted %Time %Time PlayDefenseDefensePHYDFOFWanted %Time %Time Play
1David Gustafsson122600%0:00 Jordan GrossDennis Cholowski122600%0:00
2Mathieu Olivier122400%0:00 Taylor FedunDennis Cholowski122400%0:00
4 vs 4 Forward
Line #CenterWingPHYDFOFWanted %Time %Time Play
1David GustafssonMathieu Olivier122600%0:00
2Liam FoudyJake Leschyshyn122400%0:00
4 vs 4 Defense
Line #DefensePHYDFOFWanted %Time %Time Play
1Jordan GrossDennis Cholowski122600%0:00
2Taylor FedunJordan Gross122400%0:00
Last Minutes Offensive
Left WingCenterRight WingDefenseDefense
Liam FoudyDavid GustafssonMathieu OlivierJordan GrossDennis Cholowski
Last Minutes Defensive
Left WingCenterRight WingDefenseDefense
Liam FoudyDavid GustafssonMathieu OlivierJordan GrossDennis Cholowski
Time
Total ForwardTotal DefenseLast Minutes OffensiveLast Minutes Defensive
60:00 60:00 0:230:00
Extra Forwards
Normal PowerPlayPenalty Kill
Benoit-Olivier Groulx, Callahan Burke, Garrett PilonBenoit-Olivier Groulx, Callahan BurkeGarrett Pilon
Extra Defensemen
Normal PowerPlayPenalty Kill
Daemon Hunt, Mattias Norlinder, Yan KuznetsovDaemon Hunt, Mattias NorlinderYan Kuznetsov
Penalty Shots
David Gustafsson, Mathieu Olivier, Liam Foudy, Jake Leschyshyn, Ben Meyers
Goalie
Garret Sparks, Mike Robinson
Scratches
Tyrell Goulbourne (Healthy), Stelio Mattheos (Healthy), Nicolas Beaudin (Healthy), Alex Whelan (Healthy), Carson Meyer (Healthy) Tyce Thompson (Healthy), Erik Kallgren (Healthy)

Canucks

5 vs 5 Forward
Line #Left WingCenterRight WingPHYDFOFWanted %Time %Time Play
1Turner ElsonAdam CracknellAnton Blidh1224031%15:45
2Adam CracknellGabriel DumontOlle Lycksell1223027%14:05
3Jake LucchiniJohn StevensChris Wagner1222025%12:36
4Max WillmanAdam CracknellWill Lockwood1221017%8:56
5 vs 5 Defense
Line #DefenseDefensePHYDFOFWanted %Time %Time Play
1Danny DeKeyserMark Pysyk1224037%18:46
2Brogan RaffertyDylan McIlrath1223028%14:26
3Dakota MermisPaul LaDue1222025%12:37
4Olivier GalipeauDanny DeKeyser1221011%5:33
Power Play Forward
Line #Left WingCenterRight WingPHYDFOFWanted %Time %Time Play
1Turner ElsonAdam CracknellAnton Blidh1226062%5:03
2Adam CracknellGabriel DumontOlle Lycksell1224038%3:09
Power Play Defense
Line #DefenseDefensePHYDFOFWanted %Time %Time Play
1Danny DeKeyserMark Pysyk1226056%4:36
2Brogan RaffertyDylan McIlrath1224044%3:36
Penalty Kill 4 Players Forward
Line #CenterWingPHYDFOFWanted %Time %Time Play
1Adam CracknellGabriel Dumont122600%0:00
2Turner ElsonAdam Cracknell122400%0:00
Penalty Kill 4 Players Defense
Line #DefenseDefensePHYDFOFWanted %Time %Time Play
1Danny DeKeyserMark Pysyk122600%0:00
2Brogan RaffertyDylan McIlrath122400%0:00
Penalty Kill 3 Players
Line #WingPHYDFOFWanted %Time %Time PlayDefenseDefensePHYDFOFWanted %Time %Time Play
1Adam Cracknell122600%0:00 Danny DeKeyserMark Pysyk122600%0:00
2Gabriel Dumont122400%0:00 Brogan RaffertyDylan McIlrath122400%0:00
4 vs 4 Forward
Line #CenterWingPHYDFOFWanted %Time %Time Play
1Adam CracknellGabriel Dumont122600%0:00
2Turner ElsonAdam Cracknell122400%0:00
4 vs 4 Defense
Line #DefensePHYDFOFWanted %Time %Time Play
1Danny DeKeyserMark Pysyk122600%0:00
2Brogan RaffertyDylan McIlrath122400%0:00
Last Minutes Offensive
Left WingCenterRight WingDefenseDefense
Turner ElsonAdam CracknellAnton BlidhDanny DeKeyserMark Pysyk
Last Minutes Defensive
Left WingCenterRight WingDefenseDefense
Turner ElsonAdam CracknellAnton BlidhDanny DeKeyserMark Pysyk
Time
Total ForwardTotal DefenseLast Minutes OffensiveLast Minutes Defensive
60:00 60:00 0:000:26
Extra Forwards
Normal PowerPlayPenalty Kill
Jake Lucchini, Max Willman, John StevensJake Lucchini, Max WillmanJohn Stevens
Extra Defensemen
Normal PowerPlayPenalty Kill
Dakota Mermis, Paul LaDue, Olivier GalipeauDakota Mermis, Paul LaDueOlivier Galipeau
Penalty Shots
Adam Cracknell, Gabriel Dumont, Turner Elson, Anton Blidh, Jake Lucchini
Goalie
Michael Hutchinson, Calvin Pickard
Scratches
Brayden Burke (Healthy), Brett Gallant (Healthy), Travis Barron (Healthy), Carson Gicewicz (Healthy), Dawson Barteaux (Healthy) Olivier LeBlanc (Healthy), Will Cuylle (Broken Bone (Right Foot) Injury), Connor Ford (Healthy), Oliver Chau (Healthy), Max Ellis (Healthy) Oliver Cooper (Healthy), Zane McIntyre (Healthy), Cale Morris (Healthy), Tyler Parks (Healthy)


Play-by-Play

1st period


0:01 of 1st period - David Gustafsson wins face-off versus Adam Cracknell in neutral zone.
2:37 of 1st period - Xavier Simoneau is hit by Danny DeKeyser and loses puck.
3:16 of 1st period - Icing by Adam Cracknell.
3:17 of 1st period - Callahan Burke wins face-off versus John Stevens in Canucks zone.
3:48 of 1st period - Wrist shot by Jake Leschyshyn.
3:48 of 1st period - Shot Blocked by Adam Cracknell.
4:11 of 1st period - Icing by Callahan Burke.
4:12 of 1st period - Gabriel Dumont wins face-off versus Xavier Simoneau in Crunch zone.
4:25 of 1st period - Wrist shot by Liam Foudy.
4:25 of 1st period - Goal by Liam Foudy - Crunch : 1 - Canucks : 0.
4:26 of 1st period - David Gustafsson wins face-off versus Adam Cracknell in neutral zone.
4:31 of 1st period - Slapshot by David Gustafsson.
4:31 of 1st period - Stopped by Michael Hutchinson without a rebound.
4:32 of 1st period - Adam Cracknell wins face-off versus David Gustafsson in Canucks zone.
4:47 of 1st period - Wrist shot by Adam Cracknell.
4:47 of 1st period - Stopped by Garret Sparks without a rebound.
4:48 of 1st period - Gabriel Dumont wins face-off versus David Gustafsson in Crunch zone.
4:53 of 1st period - Snap shot by Adam Cracknell.
4:53 of 1st period - Shot Misses the Net.
4:55 of 1st period - Snap shot by Gabriel Dumont.
4:55 of 1st period - Stopped by Garret Sparks with a rebound.
4:57 of 1st period - Wrist shot by Adam Cracknell.
4:57 of 1st period - Stopped by Garret Sparks with a rebound.
4:59 of 1st period - Snap shot by Olle Lycksell.
4:59 of 1st period - Stopped by Garret Sparks with a rebound.
5:09 of 1st period - Double Minor Penalty to Dennis Cholowski for Slashing.
5:10 of 1st period - David Gustafsson wins face-off versus Adam Cracknell in Crunch zone.
6:46 of 1st period - Gabriel Dumont is hit by Mathieu Olivier and loses puck.
8:02 of 1st period - Taylor Fedun is hit by Danny DeKeyser and loses puck.
8:17 of 1st period - Dylan McIlrath is hit by David Gustafsson and loses puck.
9:09 of 1st period - Penalty to Dennis Cholowski is over, Dennis Cholowski is back on ice.
9:31 of 1st period - Max Willman is hit by Jake Leschyshyn and loses puck.
10:09 of 1st period - Callahan Burke is hit by Adam Cracknell and loses puck.
10:13 of 1st period - Icing by Daemon Hunt.
10:14 of 1st period - Xavier Simoneau wins face-off versus Adam Cracknell in Crunch zone.
10:47 of 1st period - Anton Blidh is hit by Jordan Gross and loses puck.
13:56 of 1st period - Callahan Burke is hit by Chris Wagner and loses puck.
15:16 of 1st period - Icing by Nick Swaney.
15:17 of 1st period - Jake Leschyshyn wins face-off versus Max Willman in Crunch zone.
15:22 of 1st period - Max Willman is hit by Liam Foudy and loses puck.
17:17 of 1st period - Liam Foudy is hit by Max Willman.
17:41 of 1st period - Mathieu Olivier is hit by Gabriel Dumont.
18:57 of 1st period - Olle Lycksell is hit by Ben Meyers and loses puck.
19:40 of 1st period - Adam Cracknell is hit by Liam Foudy and loses puck.
Goals for this period are 1 for Crunch vs 0 for Canucks.
Shots for this period are 2 for Crunch vs 4 for Canucks.

2nd period


0:01 of 2nd period - Adam Cracknell wins face-off versus David Gustafsson in neutral zone.
0:03 of 2nd period - Off-side.
0:04 of 2nd period - David Gustafsson wins face-off versus Adam Cracknell in neutral zone.
1:09 of 2nd period - Daemon Hunt is hit by Turner Elson and loses puck.
1:20 of 2nd period - Snap shot by Mathieu Olivier.
1:20 of 2nd period - Stopped by Michael Hutchinson without a rebound.
1:21 of 2nd period - Jake Leschyshyn wins face-off versus John Stevens in Canucks zone.
1:28 of 2nd period - Slapshot by Nick Swaney.
1:28 of 2nd period - Shot Misses the Net.
1:31 of 2nd period - Icing by Dakota Mermis.
1:32 of 2nd period - John Stevens wins face-off versus David Gustafsson in Canucks zone.
1:41 of 2nd period - Snap shot by Chris Wagner.
1:41 of 2nd period - Shot Blocked by David Gustafsson.
1:43 of 2nd period - Wrist shot by Chris Wagner.
1:43 of 2nd period - Stopped by Garret Sparks with a rebound.
1:45 of 2nd period - Slapshot by Dakota Mermis.
1:45 of 2nd period - Deflect By Jake Lucchini.
1:45 of 2nd period - Stopped by Garret Sparks without a rebound.
1:46 of 2nd period - David Gustafsson wins face-off versus Adam Cracknell in Crunch zone.
1:53 of 2nd period - Slapshot by Adam Cracknell.
1:53 of 2nd period - Stopped by Garret Sparks with a rebound.
1:55 of 2nd period - Snap shot by Adam Cracknell.
1:55 of 2nd period - Stopped by Garret Sparks with a rebound.
1:57 of 2nd period - Wrist shot by Mark Pysyk.
1:57 of 2nd period - Deflect By Mathieu Olivier.
1:57 of 2nd period - Stopped by Garret Sparks with a rebound.
1:59 of 2nd period - Slapshot by Danny DeKeyser.
1:59 of 2nd period - Deflect By David Gustafsson.
1:59 of 2nd period - Stopped by Garret Sparks with a rebound.
2:01 of 2nd period - Wrist shot by Anton Blidh.
2:01 of 2nd period - Deflect By Turner Elson.
2:01 of 2nd period - Shot Misses the Net.
2:01 of 2nd period - Puck is out of play.
2:02 of 2nd period - Gabriel Dumont wins face-off versus David Gustafsson in Crunch zone.
2:13 of 2nd period - Wrist shot by Olle Lycksell.
2:13 of 2nd period - Stopped by Garret Sparks without a rebound.
2:14 of 2nd period - Adam Cracknell wins face-off versus David Gustafsson in Crunch zone.
2:15 of 2nd period - Wrist shot by Anton Blidh.
2:15 of 2nd period - Shot Misses the Net.
2:21 of 2nd period - Wrist shot by Anton Blidh.
2:21 of 2nd period - Stopped by Garret Sparks with a rebound.
2:23 of 2nd period - Wrist shot by Turner Elson.
2:23 of 2nd period - Shot Blocked by Dennis Cholowski.
2:25 of 2nd period - Backhand shot by Turner Elson.
2:25 of 2nd period - Shot Misses the Net.
3:03 of 2nd period - Wrist shot by Adam Cracknell.
3:03 of 2nd period - Shot Misses the Net.
3:05 of 2nd period - Slapshot by Dakota Mermis.
3:05 of 2nd period - Deflect By David Gustafsson.
3:05 of 2nd period - Stopped by Garret Sparks with a rebound.
3:07 of 2nd period - Wrist shot by Gabriel Dumont.
3:07 of 2nd period - Shot Misses the Net.
3:09 of 2nd period - Snap shot by Adam Cracknell.
3:09 of 2nd period - Goal by Adam Cracknell - Crunch : 1 - Canucks : 1.
3:10 of 2nd period - David Gustafsson wins face-off versus Adam Cracknell in neutral zone.
3:13 of 2nd period - Slapshot by Jordan Gross.
3:13 of 2nd period - Shot Blocked by Danny DeKeyser.
3:35 of 2nd period - Chris Wagner is hit by Nick Swaney and loses puck.
3:42 of 2nd period - Snap shot by Jake Leschyshyn.
3:42 of 2nd period - Stopped by Michael Hutchinson without a rebound.
3:43 of 2nd period - Gabriel Dumont wins face-off versus David Gustafsson in Canucks zone.
3:50 of 2nd period - Slapshot by Adam Cracknell.
3:50 of 2nd period - Deflect By Gabriel Dumont.
3:50 of 2nd period - Stopped by Garret Sparks with a rebound.
3:52 of 2nd period - Snap shot by Dylan McIlrath.
3:52 of 2nd period - Shot Blocked by Mattias Norlinder.
3:54 of 2nd period - Snap shot by Olle Lycksell.
3:54 of 2nd period - Stopped by Garret Sparks with a rebound.
3:56 of 2nd period - Snap shot by Adam Cracknell.
3:56 of 2nd period - Shot Misses the Net.
3:58 of 2nd period - Slapshot by Dylan McIlrath.
3:58 of 2nd period - Deflect By Gabriel Dumont.
3:58 of 2nd period - Stopped by Garret Sparks with a rebound.
5:21 of 2nd period - Dylan McIlrath is hit by Jake Leschyshyn and loses puck.
7:20 of 2nd period - Minor Penalty to Benoit-Olivier Groulx for Cross-checking.
7:21 of 2nd period - David Gustafsson wins face-off versus Adam Cracknell in Crunch zone.
7:56 of 2nd period - Liam Foudy is hit by Danny DeKeyser and loses puck.
9:20 of 2nd period - Penalty to Benoit-Olivier Groulx is over, Benoit-Olivier Groulx is back on ice.
9:36 of 2nd period - Wrist shot by Nick Swaney.
9:36 of 2nd period - Shot Hit the Post.
10:31 of 2nd period - Icing by Mattias Norlinder.
10:32 of 2nd period - Gabriel Dumont wins face-off versus Xavier Simoneau in Crunch zone.
11:28 of 2nd period - Dakota Mermis is hit by Ben Meyers and loses puck.
11:39 of 2nd period - Snap shot by Paul LaDue.
11:39 of 2nd period - Stopped by Garret Sparks with a rebound.
13:48 of 2nd period - Will Lockwood is hit by Tim Schaller and loses puck.
14:09 of 2nd period - Mattias Norlinder is hit by Olle Lycksell and loses puck.
14:44 of 2nd period - Jordan Gross is hit by Olle Lycksell.
14:51 of 2nd period - Icing by Olle Lycksell.
14:52 of 2nd period - Will Lockwood wins face-off versus Callahan Burke in Canucks zone.
15:40 of 2nd period - Yan Kuznetsov is hit by Danny DeKeyser and loses puck.
16:43 of 2nd period - Mathieu Olivier is hit by Jake Lucchini and loses puck.
17:32 of 2nd period - Will Lockwood is hit by Mathieu Olivier and loses puck.
17:48 of 2nd period - Anton Blidh is hit by David Gustafsson and loses puck.
Goals for this period are 0 for Crunch vs 1 for Canucks.
Shots for this period are 2 for Crunch vs 14 for Canucks.

3rd period


0:01 of 3rd period - David Gustafsson wins face-off versus Adam Cracknell in neutral zone.
0:12 of 3rd period - Snap shot by Liam Foudy.
0:12 of 3rd period - Stopped by Michael Hutchinson without a rebound.
0:13 of 3rd period - Anton Blidh wins face-off versus David Gustafsson in Canucks zone.
1:08 of 3rd period - Snap shot by Callahan Burke.
1:08 of 3rd period - Shot Misses the Net.
1:50 of 3rd period - Daemon Hunt is hit by Mark Pysyk and loses puck.
2:21 of 3rd period - Snap shot by Jake Lucchini.
2:21 of 3rd period - Shot Misses the Net.
2:23 of 3rd period - Snap shot by John Stevens.
2:23 of 3rd period - Shot Blocked by David Gustafsson.
3:13 of 3rd period - Wrist shot by Callahan Burke.
3:13 of 3rd period - Shot Misses the Net.
5:28 of 3rd period - Icing by Paul LaDue.
5:29 of 3rd period - Benoit-Olivier Groulx wins face-off versus Adam Cracknell in Canucks zone.
5:41 of 3rd period - Minor Penalty to Mattias Norlinder for Holding.
5:42 of 3rd period - Adam Cracknell wins face-off versus David Gustafsson in Crunch zone.
5:48 of 3rd period - Wrist shot by Adam Cracknell.
5:48 of 3rd period - Shot Misses the Net.
5:50 of 3rd period - Slapshot by Mark Pysyk.
5:50 of 3rd period - Stopped by Garret Sparks with a rebound.
5:52 of 3rd period - Slapshot by Danny DeKeyser.
5:52 of 3rd period - Stopped by Garret Sparks with a rebound.
5:54 of 3rd period - Snap shot by Anton Blidh.
5:54 of 3rd period - Shot Misses the Net.
5:56 of 3rd period - Slapshot by Mark Pysyk.
5:56 of 3rd period - Stopped by Garret Sparks without a rebound.
5:57 of 3rd period - Adam Cracknell wins face-off versus David Gustafsson in Crunch zone.
6:02 of 3rd period - Wrist shot by Adam Cracknell.
6:02 of 3rd period - Shot Hit the Post.
6:11 of 3rd period - Off-side.
6:12 of 3rd period - David Gustafsson wins face-off versus Adam Cracknell in neutral zone.
6:15 of 3rd period - Wrist shot by David Gustafsson.
6:15 of 3rd period - Stopped by Michael Hutchinson without a rebound.
6:16 of 3rd period - David Gustafsson wins face-off versus Adam Cracknell in Canucks zone.
6:17 of 3rd period - Snap shot by Mathieu Olivier.
6:17 of 3rd period - Shot Blocked by Turner Elson.
6:17 of 3rd period - Turner Elson from Canucks is injured at 6:17 of 3rd period (Left Knee).
6:18 of 3rd period - Adam Cracknell wins face-off versus David Gustafsson in Canucks zone.
7:01 of 3rd period - Snap shot by Jordan Gross.
7:01 of 3rd period - Stopped by Michael Hutchinson with a rebound.
7:41 of 3rd period - Penalty to Mattias Norlinder is over, Mattias Norlinder is back on ice.
7:42 of 3rd period - Mattias Norlinder is hit by Gabriel Dumont and loses puck.
8:15 of 3rd period - Danny DeKeyser is hit by Mattias Norlinder.
8:47 of 3rd period - Anton Blidh is hit by Tim Schaller and loses puck.
10:47 of 3rd period - Chris Wagner is hit by Ben Meyers and loses puck.
11:16 of 3rd period - Slapshot by Liam Foudy.
11:16 of 3rd period - Stopped by Michael Hutchinson without a rebound.
11:17 of 3rd period - Xavier Simoneau wins face-off versus Adam Cracknell in Canucks zone.
11:18 of 3rd period - Snap shot by Liam Foudy.
11:18 of 3rd period - Stopped by Michael Hutchinson without a rebound.
11:19 of 3rd period - Xavier Simoneau wins face-off versus Adam Cracknell in Canucks zone.
11:38 of 3rd period - Mark Pysyk is hit by Ben Meyers and loses puck.
11:47 of 3rd period - Wrist shot by Jake Leschyshyn.
11:47 of 3rd period - Shot Blocked by Mark Pysyk.
11:49 of 3rd period - Slapshot by Jordan Gross.
11:49 of 3rd period - Stopped by Michael Hutchinson without a rebound.
11:50 of 3rd period - Jake Lucchini wins face-off versus David Gustafsson in Canucks zone.
11:57 of 3rd period - Wrist shot by Chris Wagner.
11:57 of 3rd period - Stopped by Garret Sparks without a rebound.
11:58 of 3rd period - John Stevens wins face-off versus David Gustafsson in Crunch zone.
12:11 of 3rd period - Slapshot by John Stevens.
12:11 of 3rd period - Stopped by Garret Sparks without a rebound.
12:12 of 3rd period - David Gustafsson wins face-off versus Adam Cracknell in Crunch zone.
12:21 of 3rd period - David Gustafsson is hit by Jake Lucchini and loses puck.
12:26 of 3rd period - Wrist shot by Jake Lucchini.
12:26 of 3rd period - Shot Misses the Net.
12:28 of 3rd period - Slapshot by Danny DeKeyser.
12:28 of 3rd period - Deflect By Anton Blidh.
12:28 of 3rd period - Shot Misses the Net.
12:28 of 3rd period - Puck is out of play.
12:29 of 3rd period - Liam Foudy wins face-off versus Gabriel Dumont in Crunch zone.
13:02 of 3rd period - Icing by Chris Wagner.
13:03 of 3rd period - David Gustafsson wins face-off versus Jake Lucchini in Canucks zone.
13:18 of 3rd period - Slapshot by Jake Lucchini.
13:18 of 3rd period - Shot Misses the Net.
13:20 of 3rd period - Slapshot by Danny DeKeyser.
13:20 of 3rd period - Shot Misses the Net.
13:22 of 3rd period - Snap shot by Chris Wagner.
13:22 of 3rd period - Deflect By John Stevens.
13:22 of 3rd period - Shot Misses the Net.
13:22 of 3rd period - Puck is out of play.
13:23 of 3rd period - Ben Meyers wins face-off versus Adam Cracknell in Crunch zone.
13:35 of 3rd period - Snap shot by Jake Leschyshyn.
13:35 of 3rd period - Stopped by Michael Hutchinson without a rebound.
13:36 of 3rd period - Adam Cracknell wins face-off versus David Gustafsson in Canucks zone.
13:41 of 3rd period - Mathieu Olivier beats up Mark Pysyk.
13:41 of 3rd period - Penalty to Mark Pysyk for Fighting.
13:41 of 3rd period - Penalty to Mathieu Olivier for Fighting.
13:41 of 3rd period - Penalty to Mathieu Olivier for instigated a fight.
13:41 of 3rd period - Penalty to Mathieu Olivier for instigated a fight.
13:42 of 3rd period - David Gustafsson wins face-off versus Jake Lucchini in Canucks zone.
13:51 of 3rd period - Jordan Gross is hit by Anton Blidh and loses puck.
13:56 of 3rd period - Snap shot by Jake Lucchini.
13:56 of 3rd period - Goal by Jake Lucchini - Crunch : 1 - Canucks : 2.
13:57 of 3rd period - Adam Cracknell wins face-off versus David Gustafsson in neutral zone.
14:00 of 3rd period - Slapshot by Danny DeKeyser.
14:00 of 3rd period - Stopped by Garret Sparks without a rebound.
14:01 of 3rd period - Adam Cracknell wins face-off versus David Gustafsson in Crunch zone.
14:06 of 3rd period - Slapshot by Anton Blidh.
14:06 of 3rd period - Shot Misses the Net.
14:38 of 3rd period - Icing by Jordan Gross.
14:39 of 3rd period - Jake Leschyshyn wins face-off versus John Stevens in Crunch zone.
14:50 of 3rd period - Slapshot by Jordan Gross.
14:50 of 3rd period - Stopped by Michael Hutchinson with a rebound.
15:22 of 3rd period - Adam Cracknell is hit by Mattias Norlinder and loses puck.
16:11 of 3rd period - Jake Lucchini is hit by Ben Meyers and loses puck.
16:22 of 3rd period - Olle Lycksell is hit by Benoit-Olivier Groulx.
17:06 of 3rd period - Ben Meyers is hit by Olivier Galipeau and loses puck.
18:52 of 3rd period - Icing by Paul LaDue.
18:53 of 3rd period - John Stevens wins face-off versus Garrett Pilon in Canucks zone.
19:06 of 3rd period - Wrist shot by Max Willman.
19:06 of 3rd period - Shot Misses the Net.
19:08 of 3rd period - Wrist shot by John Stevens.
19:08 of 3rd period - Shot Misses the Net.
19:10 of 3rd period - Snap shot by Max Willman.
19:10 of 3rd period - Goal by Max Willman - Crunch : 1 - Canucks : 3.
19:11 of 3rd period - Jake Leschyshyn wins face-off versus Gabriel Dumont in neutral zone.
Goals for this period are 0 for Crunch vs 2 for Canucks.
Shots for this period are 8 for Crunch vs 8 for Canucks.